 Dungeon Crawl Stone Soup version 0.28.0-53-g5a82cb258f (webtiles) character file.

Game seed: 858292350691019444

174 safid the Chopper (level 5, -2/46 HPs)
             Began as a Hill Orc Fighter on Aug 22, 2022.
             Killed by divine providence
             ... invoked by an orc priest
              (11 damage)
             ... on level 3 of the Dungeon.
             The game lasted 00:02:11 (3262 turns).

safid the Chopper (Hill Orc Fighter)                Turns: 3262, Time: 00:02:12

Health: -2/46      AC:  9    Str: 21    XL:     5   Next: 54%
Magic:  5/5        EV:  7    Int:  8    God:
Gold:   66         SH:  4    Dex: 10    Spells: 4/4 levels left

rFire   . . .      SeeInvis .   a - +0 war axe
rCold   . . .      Faith    .   c - +0 buckler
rNeg    . . .      Spirit   .   p - +0 chain mail
rPois   +          Reflect  .   (no helmet)
rElec   .          Harm     .   (no cloak)
rCorr   .          Rampage  .   (no gloves)
Will    .....                   (no boots)
Stlth   ..........              (no amulet)
HPRegen 0.15/turn               b - ring of poison resistance
MPRegen 0.09/turn               (no ring)

@: no status effects
A: no striking features
a: Convert to Beogh


You were on level 3 of the Dungeon.
You visited 1 branch of the dungeon, and saw 3 of its levels.

You collected 66 gold pieces.

Inventory:

Hand Weapons
 a - a +0 war axe (weapon)
Missiles
 j - 5 javelins (quivered)
 m - 3 poisoned darts
Armour
 c - a +0 buckler (worn)
 p - a +0 chain mail (worn)
Jewellery
 b - a ring of poison resistance (left hand)
Scrolls
 e - 3 scrolls of identify {unknown}
 f - a scroll of teleportation {unknown}
 g - 3 scrolls of enchant armour {unknown}
 i - a scroll of amnesia {unknown}
 l - a scroll of magic mapping {unknown}
Potions
 d - 2 potions of might
 h - a potion of lignification {unknown}
 k - a potion of attraction {unknown}
 n - a potion of haste {unknown}
 o - a potion of curing {unknown}


   Skills:
 - Level 4.0 Fighting
 + Level 6.1 Axes
 - Level 4.0 Armour
 - Level 4.0 Shields


You had 4 spell levels left.
You didn't know any spells.
Your spell library contained the following spells:

 Spells                   Type           Power      Damage    Failure   Level
 Confusing Touch          Hex            0%         N/A       100%        3
 Yara's Violent Unravell  Hex/Tmut       0%         3d3       100%        5
 Enfeeble                 Hex            0%         N/A       100%        7


Dungeon Overview and Level Annotations

Branches:
Dungeon (3/15)

Altars:
Xom


Message History

You are too injured to fight recklessly!
You are too injured to fight recklessly!
You are too injured to fight recklessly!
You are too injured to fight recklessly!
You are too injured to fight recklessly!
You are too injured to fight recklessly!
You are too injured to fight recklessly!
You are too injured to fight recklessly!
You are too injured to fight recklessly!
You are too injured to fight recklessly!
You are too injured to fight recklessly!
You are too injured to fight recklessly!
You are too injured to fight recklessly!
You are too injured to fight recklessly!
You are too injured to fight recklessly!
You are too injured to fight recklessly!
Unknown command.
You hit the orc wizard but do no damage.
The orc wizard is lightly wounded.
The orc wizard casts a spell at you.
You are confused.
You closely miss the orc priest. You barely miss the orc wizard.
The orc priest hits you but does no damage.
The orc wizard hits you but does no damage.
The orc priest hits you but does no damage.
The orc wizard casts a spell.
The orc wizard flickers and vanishes!
Deactivating autopickup; reactivate with Ctrl-A.
You bump into the rock wall.
Unknown command.
You hit the orc priest.
The orc priest is lightly wounded.
The orc priest invokes the aid of Beogh against you.
Beogh smites you!
* * * LOW HITPOINT WARNING * * *
You bump into the rock wall.
You feel less confused.
The orc priest calls down the wrath of Beogh upon you.
Beogh smites you!
You die...

..#.#.# #.#####.# #........
#.#.#.######.....#.# ########.
#.#............#.#.# #.
#.#.#.######...#.#.#### #.
#..............#.#.#..# #.
#####.######.#.#.#.#..##########.
......# #.#.#.................
####### #.#..o................
.###########.#.#@###).###########
..................<#..#####
.###########.#.#............ .#
#.#.#...#..###### .# #.#.#####..#
.# #.#.# #..# .# #.#.# #..# .#
#.... .... .# ###.# #####


You could see an orc priest.

Vanquished Creatures
  A scorpion (D:3)
  6 adders
  2 worms (D:2)
  A dart slug (D:3)
  9 ball pythons
  3 bats
  8 endoplasms
  4 giant cockroaches
  5 goblins
  4 hobgoblins
  A jackal (D:2)
  3 quokkas (D:1)
  3 frilled lizards
  3 kobolds
  3 rats (D:2)
56 creatures vanquished.

Notes
Turn   | Place    | Note
-------+----------+-------------------------------------------
     0 | D:1      | safid the Hill Orc Fighter began the quest for the Orb.
     0 | D:1      | Reached XP level 1. HP: 19/19 MP: 1/1
    70 | D:1      | Found a faded altar of an unknown god.
   281 | D:1      | Reached XP level 2. HP: 16/27 MP: 2/2
   411 | D:1      | Reached skill level 3 in Axes
  1004 | D:1      | Reached XP level 3. HP: 33/33 MP: 3/3
  1498 | D:2      | Reached XP level 4. HP: 20/40 MP: 4/4
  1509 | D:2      | Reached skill level 4 in Axes
  2004 | D:2      | Found a shimmering altar of Xom.
  2632 | D:3      | Reached skill level 5 in Axes
  2632 | D:3      | Reached XP level 5. HP: 43/46 MP: 5/5
  3129 | D:3      | Reached skill level 6 in Axes
  3262 | D:3      | Killed from afar by an orc priest

Illustrated notes

Levels and vault maps discovered:
D:1:      lightli_arrival_windingriver, layout_basic,
          hellmonk_ecumenical_altar_heavens_door, serial_park_tiny_1,
          minmay_shallow_snake_nest
D:2:      layout_loops_ring, serial_rivers, chequers_serial_rivers_room_b,
          chequers_serial_rivers_micro_d, chequers_serial_rivers_small_b,
          chequers_serial_rivers_micro_b, chequers_serial_rivers_micro_d,
          basic_altar, minmay_quantized
D:3:      layout_basic, corexii_corridor_pit

Skill      XL: |  1  2  3  4  5 |
---------------+----------------+-----
Axes           | 3 5 6 |  6.1
Fighting       | 4 |  4.0
Armour         | 4 |  4.0
Shields        | 4 |  4.0

Action                   |  1- 3 |  4- 6 || total
-------------------------+-------+-------++-------
Melee: War axe           |    85 |    72 ||   157
Armor: Scale mail        |    33 |    22 ||    55
       Chain mail        |       |     6 ||     6
Dodge: Dodged            |    53 |    35 ||    88
Block: Buckler           |    16 |    11 ||    27
